Map: Orbital Shipyard

Players

Bordan - Winner!

  • Race: Protoss Protoss

Bop

  • Race: Protoss Protoss

VOD

Have the link to the VOD?

Description

Time

  • Played on: May 1, 2015, 5:43 p.m.
  • Length: 11:43
Show
View Real Time Build Order
Export as new Build Order

Bordan Protoss - Winner!

Build Orders: Oracle Opening, Oracle Opening 

Get SALT Encoding   

  12  0:00  Probe  
  13  0:14  Pylon  
  13  0:18  Probe  
  14  0:32  Probe (Chrono Boost)  
  14  0:34  Gateway  
  15  0:44  Probe (Chrono Boost)  
  15  0:46  Assimilator  
  16  0:50  Assimilator  
  16  0:52  Probe (Chrono Boost)  
  17  1:09  Probe (Chrono Boost)  
  18  1:18  Pylon  
  19  1:19  Probe (Chrono Boost)  
  19  1:20  Cybernetics Core  
  19  1:26  Probe  
  20  1:38  Probe (Chrono Boost)  
  21  1:49  Probe (Chrono Boost)  
  22  1:55  Probe  
  22  1:57  Adept (Chrono Boost), Warp Gate  
  25  2:08  Mothership Core  
  27  2:12  Pylon  
  27  2:18  Stargate  
  27  2:26  Adept  
  29  2:31  Probe  
  29  2:39  Gateway  
  29  2:53  Probe, Adept  
  32  3:01  Oracle (Chrono Boost)  
  35  3:11  Pylon  
  35  3:18  Probe  
  36  3:30  Probe, Void Ray (Chrono Boost)  
  41  3:53  Probe  
  40  4:05  Probe  
  39  4:14  Oracle  
  42  4:17  Probe (Chrono Boost)  
  42  4:19  Nexus  
  43  4:24  Pylon  
  43  4:28  Probe (Chrono Boost)  
  44  4:31  Pylon  
  44  4:34  Probe (Chrono Boost)  
  45  4:46  Probe (Chrono Boost)  
  46  4:58  Probe (Chrono Boost)  
  47  5:05  Probe (Chrono Boost)  
  44  5:14  Stalker  
  44  5:15  Stalker, Probe  
  44  5:16  Robotics Facility  
  48  5:30  Probe (Chrono Boost)  
  48  5:31  Probe (Chrono Boost)  
  46  5:40  Sentry  
  46  5:42  Probe (Chrono Boost)  
  50  5:44  Probe (Chrono Boost)  
  50  5:48  Probe (Chrono Boost)  
  51  5:53  Sentry, Assimilator  
  51  5:56  Probe (Chrono Boost)  
  54  5:58  Assimilator  
  54  6:00  Probe (Chrono Boost)  
  54  6:02  Robotics Bay  
  54  6:03  Observer (Chrono Boost)  
  57  6:07  Probe x2 (Chrono Boost)  
  58  6:12  Pylon  
  58  6:16  Probe  
  58  6:17  Probe, Warp Prism (Chrono Boost)  
  62  6:28  Probe  
  62  6:29  Probe  
  64  6:38  Gateway  
  64  6:40  Gateway, Probe  
  64  6:41  Probe, Gateway  
  66  6:48  Pylon  
  66  6:52  Probe  
  66  6:53  Probe  
  68  7:01  Disruptor (Chrono Boost)  
  72  7:02  Adept  
  72  7:04  Probe  
  72  7:05  Gravitic Drive (Chrono Boost)  
  72  7:06  Probe  
  76  7:16  Probe  
  76  7:18  Probe  
  76  7:21  Nexus  
  78  7:28  Probe  
  79  7:31  Disruptor, Stargate  
  79  7:33  Stargate  
  79  7:35  Void Ray (Chrono Boost)  
  83  7:37  Probe  
  83  7:40  Pylon  
  84  7:46  Probe  
  84  7:49  Probe  
  86  7:51  Forge  
  86  7:57  Disruptor  
  86  7:58  Probe  
  87  8:01  Probe  
  88  8:17  Fleet Beacon  
  88  8:18  Probe x2  
  94  8:25  Assimilator  
  94  8:30  Probe x2, Assimilator  
  94  8:37  Probe  
  95  8:42  Probe x2  
  95  8:46  Carrier (Chrono Boost)  
  95  8:48  Pylon  
  93  8:49  Pylon  
  93  8:51  Carrier (Chrono Boost)  
  93  8:54  Probe  
  93  8:55  Carrier (Chrono Boost)  
  112  9:07  Photon Cannon  
  112  9:16  Zealot x4  
  116  9:17  Disruptor  
  110  9:27  Zealot  
  110  9:36  Carrier (Chrono Boost)  
  98  9:45  Probe x2, Disruptor  
  100  9:47  Zealot x2  
  100  9:48  Zealot x3, Carrier x2 (Chrono Boost)  
  103  10:07  Disruptor  
  98  10:14  Probe x2  
  98  10:17  Zealot x2  
  104  10:35  Disruptor  
  99  10:58  Nexus  
  99  11:07  Disruptor  
  99  11:18  Pylon  
  99  11:20  Pylon  
Show
View Real Time Build Order
Export as new Build Order

Bop Protoss 

Build Orders: 1 Gate Expand, Zealot Archon 

Get SALT Encoding   

  12  0:00  Probe  
  13  0:13  Pylon  
  13  0:17  Probe  
  14  0:31  Probe (Chrono Boost)  
  14  0:34  Gateway  
  15  0:42  Probe (Chrono Boost)  
  16  0:44  Assimilator  
  16  0:48  Probe (Chrono Boost)  
  17  1:00  Probe  
  18  1:20  Nexus  
  18  1:30  Cybernetics Core  
  18  1:33  Probe  
  19  1:42  Pylon  
  19  1:53  Gateway  
  19  2:07  Mothership Core (Chrono Boost), Adept (Chrono Boost)  
  23  2:18  Assimilator  
  23  2:19  Warp Gate  
  23  2:24  Probe (Chrono Boost)  
  26  2:33  Probe  
  26  2:35  Adept (Chrono Boost)  
  27  2:43  Adept (Chrono Boost)  
  29  2:45  Probe (Chrono Boost)  
  29  2:49  Probe (Chrono Boost)  
  31  2:57  Probe (Chrono Boost)  
  35  3:01  Probe (Chrono Boost), Adept (Chrono Boost)  
  35  3:14  Adept (Chrono Boost)  
  35  3:17  Probe (Chrono Boost)  
  39  3:22  Probe (Chrono Boost)  
  39  3:25  Gateway  
  40  3:27  Probe (Chrono Boost)  
  40  3:31  Probe (Chrono Boost)  
  41  3:44  Adept (Chrono Boost)  
  43  3:53  Probe x2  
  43  4:00  Adept (Chrono Boost)  
  40  4:05  Probe  
  37  4:14  Probe  
  38  4:17  Probe  
  38  4:19  Twilight Council  
  39  4:24  Assimilator  
  39  4:26  Probe  
  39  4:29  Probe  
  39  4:30  Gateway, Assimilator  
  39  4:32  Stalker  
  39  4:38  Probe  
  42  4:41  Probe  
  39  4:53  Stalker  
  41  5:00  Stalker  
  37  5:09  Stalker  
  33  5:17  Stalker  
  35  5:24  Stalker  
  35  5:25  Probe (Chrono Boost)  
  35  5:26  Probe (Chrono Boost)  
  38  5:36  Probe x2 (Chrono Boost)  
  38  5:37  Shield Upgrade (Chrono Boost)  
  39  5:42  Probe (Chrono Boost)  
  39  5:43  Probe (Chrono Boost)  
  40  5:50  Stalker  
  40  5:52  Pylon  
  40  5:54  Probe x2 (Chrono Boost)  
  44  6:05  Pylon  
  44  6:10  Probe (Chrono Boost)  
  44  6:11  Probe (Chrono Boost)  
  46  6:13  Adept  
  46  6:14  Templar Archives  
  48  6:23  Probe x2 (Chrono Boost)  
  50  6:30  Probe x2 (Chrono Boost)  
  52  6:35  Charge (Chrono Boost)  
  52  6:40  Probe (Chrono Boost)  
  52  6:46  Probe (Chrono Boost)  
  54  6:49  Probe (Chrono Boost)  
  54  6:53  Probe (Chrono Boost)  
  54  7:02  High Templar x3  
  54  7:06  Archon  
  60  7:10  Pylon  
  60  7:13  Pylon  
  60  7:16  Pylon  
  60  7:17  Pylon  
  60  7:28  Probe  
  61  7:30  High Templar  
  61  7:35  Gateway  
  63  7:37  Gateway  
  63  7:39  Gateway  
  63  7:42  High Templar x2  
  63  7:43  Zealot  
  69  7:46  Archon  
  69  7:47  Archon  
  69  7:58  Robotics Facility  
  69  8:03  Zealot x2  
  73  8:10  Probe  
  73  8:11  Probe  
  73  8:12  Nexus, Pylon  
  68  8:17  Zealot  
  68  8:18  Zealot  
  72  8:22  Probe  
  65  8:41  Probe x2  
  67  8:45  High Templar x4  
  75  8:52  Archon  
  75  8:53  Probe x2, Archon  
  77  8:59  Zealot x3  
  77  9:28  Zealot x5  
  77  9:29  Zealot  
  83  9:40  Probe x3  
  86  9:50  Assimilator  
  86  9:51  Assimilator  
  86  9:52  Probe x2  
  81  10:00  High Templar x3  
  85  10:17  Stalker  
  60  10:38  Archon  
  60  10:39  Zealot x5  
  55  10:58  Stalker x2  
  51  11:16  Stalker  
  51  11:17  Stalker x2  
  57  11:22  Probe (Chrono Boost)  
  58  11:32  Probe (Chrono Boost)  
Tags
 
Add a new tag
Caveats
  • Supply blocks, unpowered buildings, or Contaminate may cause inaccurate times.
  • Supply counts are checked every 10 seconds.